 Dungeon Crawl Stone Soup version 0.28.0-45-g0d030f2227 (webtiles) character file.

Game seed: 17458212570825751802

373 Bliebski the Skirmisher (level 6, 0/49 HPs)
             Began as a Demonspawn Gladiator on Apr 16, 2022.
             Was an Initiate of Qazlal.
             Slain by a gnoll
             ... wielding a +0 spear
              (5 damage)
             ... on level 4 of the Dungeon.
             The game lasted 00:08:19 (3485 turns).

Bliebski the Skirmisher (Demonspawn Gladiator)      Turns: 3485, Time: 00:08:20

Health: 0/49       AC:  5    Str: 17    XL:     6   Next: 43%
Magic:  16/17      EV: 13    Int:  9    God:    Qazlal [......]
Gold:   151        SH:  0    Dex: 14    Spells: 4/7 levels left

rFire   . . .      SeeInvis .   a - +0 rapier
rCold   . . .      Faith    .   (no shield)
rNeg    . . .      Spirit   .   b - +0 leather armour
rPois   .          Reflect  .   c - +0 helmet
rElec   .          Harm     .   (no cloak)
rCorr   .          Rampage  .   r - +0 pair of gloves
Will    .....                   (no boots)
Stlth   +.........              (no amulet)
HPRegen 0.16/turn               s - ring of magical power
MPRegen 0.15/turn               (no ring)

@: no status effects
A: foul stench 1, spiny 1
a: Renounce Religion


You were on level 4 of the Dungeon.
You worshipped Qazlal.
Qazlal was noncommittal.
You visited 1 branch of the dungeon, and saw 4 of its levels.

You collected 151 gold pieces.

Inventory:

Hand Weapons
 a - a +0 rapier (weapon)
Missiles
 d - 4 throwing nets
 g - 60 bolts
 h - 65 stones
 k - 3 poisoned darts (quivered)
Armour
 b - a +0 leather armour (worn)
 c - a +0 helmet (worn)
 r - a +0 pair of gloves (worn)
Jewellery
 p - a ring of fire
 s - a ring of magical power (left hand)
Wands
 m - a wand of polymorph (7)
Scrolls
 e - a scroll of silence {unknown}
 n - 2 scrolls of identify {unknown}
 t - a scroll of teleportation {unknown}
 u - 3 scrolls of vulnerability {unknown}
Potions
 f - 3 potions of might {unknown}
 i - a potion of mutation {unknown}
 j - 3 potions of brilliance {unknown}
 l - a potion of heal wounds {unknown}
 o - a potion of flight {unknown}
 q - a potion of curing {unknown}


   Skills:
 + Level 4.6 Fighting
 - Level 3.0 Short Blades
 - Level 2.0 Throwing
 + Level 4.5 Dodging
 + Level 1.3 Spellcasting
 + Level 1.4 Hexes


You had 4 spell levels left.
You knew the following spells:

 Your Spells              Type           Power      Damage    Failure   Level
a - Confusing Touch       Hex            3%         N/A       58%         3

Your spell library contained the following spells:

 Spells                   Type           Power      Damage    Failure   Level
 Slow                     Hex            12%        N/A       24%         1
 Vampiric Draining        Necr           0%         2d6       78%         3


Dungeon Overview and Level Annotations

Branches:
Dungeon (4/15)
 Temple: D:4-7

Altars:
Qazlal

Shops:
D:1 ?


Innate Abilities, Weirdness & Mutations

You may rarely emit foul miasma when damaged in melee.
You are partially covered in sharp spines.


Message History

The gnoll hits you but does no damage.
You puncture the gnoll!
The gnoll is heavily wounded.
The gnoll is struck by your spines. The gnoll closely misses you.
The gnoll completely misses you.
You closely miss the gnoll.
The gnoll is severely wounded.
The gnoll closely misses you. The gnoll is struck by your spines.
You kill the gnoll!
Qazlal accepts your kill. The gnoll is struck by your spines.
The gnoll hits you but does no damage. The gnoll is struck by your spines.
The gnoll closely misses you.
Items here: ))) [.
The gnoll closely misses you.
You hit the gnoll.
The gnoll is heavily wounded.
The gnoll hits you with a +0 club. The gnoll closely misses you.
You hit the gnoll.
The gnoll is severely wounded.
The gnoll is struck by your spines.
You kill the gnoll!
Qazlal accepts your kill. The gnoll barely misses you.
You closely miss the gnoll. The gnoll hits you with a +0 flail!
The gnoll hits you from afar with a +0 spear!
You hit the gnoll.
The gnoll is heavily wounded.
The gnoll is struck by your spines. The gnoll hits you with a +0 flail.
* * * LOW HITPOINT WARNING * * *
The gnoll hits you from afar with a +0 spear.
* * * LOW HITPOINT WARNING * * *
You hit the gnoll.
The gnoll is almost dead.
The gnoll is struck by your spines.
You kill the gnoll!
Qazlal accepts your kill.
The gnoll hits you from afar with a +0 spear.
* * * LOW HITPOINT WARNING * * *
The gnoll hits you with a +0 spear.
You die...

#.. #.# #.#
######.#####.#
#.............
#.####.#####. #.#
#†# # #.#
#.#####.# # #.#
#....@..# # #.#
######g.#
#######.# .<#
........#.# ###
#######.#.# ##
####.#.# .#
#....#.# .
+♣♣♣'♣..#.#####..
..§§§♣#.#........


You could see a gnoll.

Vanquished Creatures
  A hound (D:4)
  An orc priest (D:3)
  A jelly (D:4)
  A gnoll shaman (D:4)
  Jessica (D:2)
  5 adders
  11 gnolls
  A dart slug (D:3)
  8 orcs (D:3)
  5 ball pythons
  8 endoplasms
  2 giant cockroaches
  4 goblins
  5 hobgoblins
  4 jackals (D:2)
  4 bats
  9 frilled lizards
  6 kobolds
  4 rats
81 creatures vanquished.

Notes
Turn   | Place    | Note
-------+----------+-------------------------------------------
     0 | D:1      | Bliebski the Demonspawn Gladiator began the quest for the
                  | Orb.
     0 | D:1      | Reached XP level 1. HP: 16/16 MP: 1/1
   160 | D:1      | Gained mutation: You are partially covered in sharp spines.
                  | [demonic ancestry]
   160 | D:1      | Reached XP level 2. HP: 19/22 MP: 2/2
   237 | D:1      | Found Amef's Magic Scroll Boutique.
   304 | D:1      | You fall into a shaft and drop 1 floor!
   308 | D:2      | Noticed Jessica
   588 | D:2      | Killed Jessica
   589 | D:2      | Gained mutation: You may rarely emit foul miasma when
                  | damaged in melee. [demonic ancestry]
   589 | D:2      | Reached XP level 3. HP: 9/28 MP: 3/3
   915 | D:1      | Reached XP level 4. HP: 10/35 MP: 4/4
  1978 | D:2      | Reached XP level 5. HP: 42/42 MP: 5/5
  2717 | D:3      | Learned a level 3 spell: Confusing Touch
  3249 | D:4      | Found a stormy altar of Qazlal.
  3292 | D:4      | Became a worshipper of Qazlal Stormbringer
  3308 | D:4      | Reached XP level 6. HP: 34/49 MP: 7/7
  3456 | D:4      | Reached skill level 1 in Spellcasting
  3456 | D:4      | Reached skill level 1 in Hexes
  3485 | D:4      | Slain by a gnoll

Illustrated notes

Levels and vault maps discovered:
D:1:      lightli_arrival_chessboard, layout_basic, serial_shops, shop,
          st_stairs_9
D:2:      layout_basic, chequers_serial_rivers_room_a, uniq_jessica
D:3:      wad_pebble_path, layout_rooms, serial_corexii_hall,
          corexii_hall_statues_x, corexii_hall_statues_i
D:4:      layout_basic, mainiacjoe_overflow_six_doors_small,
          minmay_temple_entry_statues, hangedman_decor_opposing

Skill      XL: |  1  2  3  4  5  6 |
---------------+-------------------+-----
Throwing       | 2 |  2.0
Short Blades   | 3 |  3.0
Dodging        | 3 4 |  4.5
Fighting       | 3 4 |  4.6
Spellcasting   | 1 |  1.3
Hexes          | 1 |  1.4

Action                   |  1- 3 |  4- 6 || total
-------------------------+-------+-------++-------
Melee: Rapier            |    53 |   125 ||   178
       Punch             |     1 |     1 ||     2
Throw: Dart              |     6 |     1 ||     7
 Stab: Sleeping          |       |     1 ||     1
Armor: Leather armour    |     9 |    28 ||    37
Dodge: Dodged            |    47 |    81 ||   128
